 Dungeon Crawl Stone Soup version 0.28.0-53-g5a82cb258f (webtiles) character file.

Game seed: 9368159064129139158

3342 hawla the Arsonist (level 9, -2/47 HPs)
             Began as a Deep Elf Fire Elementalist on May 29, 2022.
             Was an Initiate of Vehumet.
             Slain by Psyche
             ... wielding a +2 dagger of chaos
              (4 damage)
             ... on level 8 of the Dungeon on May 31, 2022.
             The game lasted 00:23:31 (9522 turns).

hawla the Arsonist (Deep Elf Fire Elementalist)     Turns: 9522, Time: 00:23:31

Health: -2/47      AC:  3    Str:  7    XL:     9   Next: 72%
Magic:  27/32      EV: 13    Int: 25    God:    Vehumet [......]
Gold:   383        SH:  0    Dex: 15    Spells: 14/24 levels left

rFire   + . .      SeeInvis .   y - staff of fire
rCold   . . .      Faith    .   (no shield)
rNeg    . . .      Spirit   .   a - +0 robe
rPois   .          Reflect  .   (helmet restricted)
rElec   .          Harm     .   v - +0 cloak
rCorr   .          Rampage  .   (no gloves)
Will    .....                   (no boots)
Stlth   ++........              (no amulet)
HPRegen 0.15/turn               b - ring of magical power
MPRegen 0.23/turn               (no ring)

@: lethally poisoned (-2 -> -5)
A: beak, strong 1
a: Renounce Religion


You were on level 8 of the Dungeon.
You worshipped Vehumet.
Vehumet was noncommittal.
You visited 2 branches of the dungeon, and saw 9 of its levels.

You collected 383 gold pieces.

Inventory:

Hand Weapons
 o - a +2 dagger of venom
Missiles
 h - 2 throwing nets
 m - 4 poisoned darts
 u - 6 curare-tipped darts
 w - 2 boomerangs
Armour
 a - a +0 robe (worn)
 v - a +0 cloak (worn)
Magical Staves
 k - a staff of air
 y - a staff of fire (weapon)
Jewellery
 b - a ring of magical power (left hand)
Scrolls
 d - 2 scrolls of amnesia
 f - 2 scrolls of holy word
 i - 3 scrolls of fog
 t - a scroll of teleportation
Potions
 e - 2 potions of berserk rage
 g - 3 potions of degeneration {unknown}
 j - a potion of cancellation
 l - a potion of curing
 n - 2 potions of magic
 p - 3 potions of might
 q - a potion of flight
 r - 2 potions of lignification
 x - a potion of heal wounds
 z - a potion of brilliance


   Skills:
 + Level 1.3 Fighting
 + Level 1.3 Staves
 + Level 4.0 Dodging
 - Level 2.9 Stealth
 + Level 8.3 Spellcasting
 + Level 5.6 Conjurations
 + Level 3.0 Necromancy
 + Level 11.5 Fire Magic
 + Level 1.0 Air Magic
 + Level 1.0 Evocations


You had 14 spell levels left.
You knew the following spells:

 Your Spells              Type           Power      Damage    Failure   Level
a - Foxfire               Conj/Fire      100%       2x1d9     1%          1
b - Scorch                Fire           100%       2d10      1%          2
c - Flame Wave            Conj/Fire      68%        2d13      1%          4
d - Vampiric Draining     Necr           25%        2d7       4%          3

Your spell library contained the following spells:

 Spells                   Type           Power      Damage    Failure   Level
 Animate Skeleton         Necr           50%        N/A       1%          1
 Magic Dart               Conj           100%       1d8       1%          1
 Pain                     Necr           100%       1d9       1%          1
 Conjure Flame            Conj/Fire      68%        6-21      1%          3
 Inner Flame              Hex/Fire       56%        N/A       1%          3
 Corpse Rot               Necr/Air       40%        N/A       3%          2
 Summon Small Mammal      Summ           40%        N/A       6%          1
 Poisonous Vapours        Pois/Air       24%        N/A       7%          2
 Mephitic Cloud           Conj/Pois/Air  21%        N/A       7%          3
 Call Imp                 Summ           10%        N/A       9%          2
 Call Canine Familiar     Summ           10%        N/A       17%         3
 Frozen Ramparts          Ice            20%        1d4       17%         3
 Summon Guardian Golem    Hex/Summ       10%        N/A       17%         3
 Ice Form                 Ice/Tmut       10%        N/A       50%         4
 Summon Ice Beast         Ice/Summ       10%        N/A       50%         4


Dungeon Overview and Level Annotations

Branches:
Dungeon (8/15)             Temple (1/1) D:7
   Lair: D:8-11

Altars:
Cheibriados
Dithmenos
Elyvilon
Fedhas
Gozag
Makhleb
Nemelex Xobeh
Qazlal
Ru
Sif Muna
Uskayaw
Vehumet
Wu Jian
Xom
Yredelemnul
The Shining One

Shops:
D:2 *

Annotations:
D:6 1 runed translucent door, issech's ghost, novice TrMo
D:8 Psyche


Innate Abilities, Weirdness & Mutations

You have a beak for a mouth.
Your muscles are strong. (Str +2)


Message History

Level annotation: Psyche Psyche hits you with a +2 dagger of chaos!
Psyche burns you. The orc closely misses you. The orc hits you with a +0 flail.
Psyche hits you with a +2 dagger of chaos.
You are poisoned.
The orc hits you with a +0 flail. The orc hits you with a +0 hand axe.
There is a stone staircase leading up, spattered with blood here.
Casting: Foxfire (safe; 1% risk of failure)
Confirm with . or Enter, or press ? or * to list all spells.
Casting: Flame Wave (dangerous; 1% risk of failure)
Press: ? - help, Dir - look around, f - activate You feel a surge of power!
A wave of flame ripples out!
The flame wave engulfs the orc!
You kill the orc!
Vehumet accepts your kill.
The flame wave engulfs Psyche!
Psyche is moderately wounded.
The flame wave engulfs the orc!
You kill the orc!
Vehumet accepts your kill. (Press . to intensify the flame waves.)
You feel sick.
Psyche casts a spell.
A swirling arc of seething chaos appears!
The arc of chaos hits you.
The arc of chaos hits the orc wizard.
A wave of flame ripples out!
The flame wave engulfs Psyche!
Psyche is heavily wounded.
The flame wave engulfs the orc wizard!
You kill the orc wizard!
Vehumet accepts your kill.
The flame wave engulfs the river rat!!
You kill the river rat!
Vehumet accepts your kill.
You feel sick.
Psyche hits you with a +2 dagger of chaos.
* * * LOW HITPOINT WARNING * * *
You are electrocuted!
* * * LOW HITPOINT WARNING * * *
Psyche hits you with a +2 dagger of chaos.
You die...

......................
#......................#
#........)..............
#..........!...........#
#....................
#....................
#............[.......
#....................
#.....@@)o...........
#.....).)............
.....................
#...................
#..................
##.###.########### ./.
#+ ##


You could see Psyche and an orc.

Vanquished Creatures
  2 steam dragons
  An acid dragon (D:6)
  A water moccasin (D:5)
  An orc warrior (D:6)
  An ice beast (D:5)
  3 black bears
  A sky beast (D:5)
  3 ogres
  A centaur (D:5)
  2 phantoms
  3 bullfrogs
  3 scorpions
  A gnoll sergeant (D:5)
  A wyvern skeleton (D:6)
  2 water moccasin skeletons (D:5)
  3 wights (D:8)
  A howler monkey (D:7)
  A bullfrog zombie (D:7)
  5 hounds
  5 jellies
  6 orc priests
  Jessica (D:2)
  5 iguanas
  5 orc wizards
  16 gnolls
  10 adders
  A river rat (D:8)
  A shadow imp (D:6)
  A white imp (D:5)
  2 ufetubi
  A worm (D:4)
  An adder skeleton (D:4)
  2 dart slugs (D:1)
  13 orcs
  13 ball pythons
  6 endoplasms
  3 giant cockroaches
  4 goblins
  6 hobgoblins
  10 jackals
  5 quokkas
  6 bats
  2 frilled lizards (D:2)
  3 kobolds (D:1)
  A rat (D:1)
165 creatures vanquished.

Vanquished Creatures (others)
  288 foxfires
  9 plants (D:6)
297 creatures vanquished.

Grand Total: 462 creatures vanquished

Notes
Turn   | Place    | Note
-------+----------+-------------------------------------------
     0 | D:1      | hawla the Deep Elf Fire Elementalist began the quest for
                  | the Orb.
     0 | D:1      | Reached XP level 1. HP: 10/10 MP: 6/6
   514 | D:1      | Reached XP level 2. HP: 15/15 MP: 5/8
  1071 | D:2      | Learned a level 2 spell: Scorch
  1081 | D:2      | Found a blossoming altar of Fedhas.
  1136 | D:2      | Reached XP level 3. HP: 16/19 MP: 5/10
  1195 | D:2      | Reached skill level 4 in Fire Magic
  1523 | D:2      | Found Suixioc's Assorted Antiques.
  1642 | D:2      | Noticed Jessica
  1646 | D:2      | Killed Jessica
  1647 | D:2      | Reached XP level 4. HP: 24/24 MP: 7/12
  2322 | D:3      | Gained mutation: Your muscles are strong. (Str +2) [potion
                  | of mutation]
  2322 | D:3      | Gained mutation: You have a beak for a mouth. [potion of
                  | mutation]
  2630 | D:3      | Reached XP level 5. HP: 28/28 MP: 11/14
  2743 | D:3      | Found a shadowy altar of Dithmenos.
  3150 | D:4      | Noticed an ogre
  3151 | D:4      | Reached skill level 5 in Spellcasting
  3163 | D:3      | Reached skill level 1 in Air Magic
  3163 | D:3      | Reached skill level 1 in Evocations
  3404 | D:3      | Learned a level 4 spell: Flame Wave
  3409 | D:4      | Killed an ogre
  3410 | D:4      | Reached skill level 5 in Fire Magic
  3410 | D:4      | Reached XP level 6. HP: 8/32 MP: 6/15
  3815 | D:4      | Reached skill level 6 in Fire Magic
  3984 | D:4      | Reached skill level 1 in Fighting
  3984 | D:4      | Reached XP level 7. HP: 38/38 MP: 11/16
  4508 | D:5      | Entered Level 5 of the Dungeon
  4559 | D:5      | Found an opulent altar of Gozag.
  4653 | D:5      | Reached skill level 7 in Fire Magic
  5016 | D:5      | Reached skill level 8 in Fire Magic
  5199 | D:5      | Reached XP level 8. HP: 43/43 MP: 17/17
  5351 | D:5      | Learned a level 3 spell: Vampiric Draining
  5415 | D:5      | Reached skill level 1 in Necromancy
  5419 | D:5      | Reached skill level 1 in Staves
  5419 | D:5      | Reached skill level 9 in Fire Magic
  5960 | D:6      | Reached skill level 10 in Fire Magic
  5969 | D:6      | Reached XP level 9. HP: 17/47 MP: 14/20
  6814 | D:6      | Reached skill level 5 in Conjurations
  7922 | D:6      | Found a runed translucent door.
  7923 | D:6      | Noticed issech's ghost (novice TrMo)
  7959 | D:6      | Found a white marble altar of Elyvilon.
  8280 | D:7      | Reached skill level 11 in Fire Magic
  8329 | D:7      | Found a staircase to the Ecumenical Temple.
  8393 | Temple   | Entered the Ecumenical Temple
  8630 | Temple   | Became a worshipper of Vehumet
  9436 | D:8      | Found a shimmering altar of Xom.
  9459 | D:8      | Noticed Psyche
  9522 | D:8      | HP: 2/47 [Psyche/+2 dagger of chaos (11)]
  9522 | D:8      | Slain by Psyche

Illustrated notes

Levels and vault maps discovered:
D:1:      mrwooster_arrival_arrow, layout_loops_ring
D:2:      minmay_door_path, layout_loops_corners, basic_altar, serial_shops,
          nicolae_shop_overgrown_old_shop, uniq_jessica
D:3:      layout_loops_ring, mainiacjoe_overflow_brackets
D:4:      layout_basic
D:5:      minmay_bubble_buster, layout_loops_cross, nicolae_gozag_seed_capital,
          kennysheep_generic_room_11
D:6:      layout_loops_ring, nicolae_elyvilon_temple_path,
          ebering_ghost_inner_flame
D:7:      layout_basic, minmay_temple_entry_trees, grunt_ministairs_15,
          serial_park_tiny_2
D:8:      layout_basic, xom_teletrap_fun, fedhas_altar_decomposition,
          dk_noncrumbling_4, grunt_decor_mini_mirrors, uniq_maggie, uniq_harold,
          uniq_psyche, uniq_grum
Temple:   minmay_temple_curvy_loop

Skill      XL: |  1  2  3  4  5  6  7  8  9 |
---------------+----------------------------+-----
Spellcasting   | 4 5 6 8 |  8.3
Fire Magic     | 4 5 6 8 10 11 | 11.5
Air Magic      | 1 |  1.0
Evocations     | 1 |  1.0
Conjurations   | 2 4 5 |  5.6
Dodging        | 3 4 |  4.0
Fighting       | 1 |  1.3
Necromancy     | 3 |  3.0
Staves         | 1 |  1.3
Stealth        | |  2.9

Action                   |  1- 3 |  4- 6 |  7- 9 || total
-------------------------+-------+-------+-------++-------
Melee: Unarmed           |     5 |       |       ||     5
       Staff             |       |    12 |    17 ||    29
       Peck              |       |     2 |     4 ||     6
       Punch             |       |     1 |       ||     1
 Cast: Foxfire           |    38 |    33 |   102 ||   173
       Scorch            |    10 |    20 |    67 ||    97
       Flame Wave        |       |     1 |    15 ||    16
       Vampiric Draining |       |       |     1 ||     1
  Use: Scroll            |       |    11 |    15 ||    26
       Potion            |       |     1 |     2 ||     3
 Stab: Sleeping          |       |       |     1 ||     1
Armor: Robe              |     1 |    17 |     7 ||    25
       Skin              |       |       |     1 ||     1
Dodge: Dodged            |    11 |    22 |    43 ||    76
